 Dungeon Crawl Stone Soup version 0.15-a0-1224-g3833f9c (webtiles) character file.

116 MDvedh the Cudgeler (level 5, 0/36 HPs)
             Began as a Formicid Air Elementalist on June 2, 2014.
             Slain by a giant frog (5 damage)
             ... on Level 3 of the Dungeon.
             The game lasted 00:09:25 (3509 turns).

MDvedh the Cudgeler (Formicid Air Elementalist)     Turns: 3509, Time: 00:09:25

HP   0/36        AC  5     Str 13      XL: 5   Next: 20%
MP  11/11        EV  9     Int 15      God:
Gold 133         SH  0     Dex 11      Spells:  2 memorised,  5 levels left

rFire  . . .     SeeInvis +     f - +1 mace
rCold  . . .     Clarity  .     m - +0 ring mail
rNeg   . . .     rCorr    .     (no shield)
rPois  .         rRot     .     (helmet unavailable)
rElec  .         Spirit   .     (no cloak)
SustAb .         Warding  .     (no gloves)
rMut   .         Stasis   +     (no boots)
Gourm  .                        (no amulet)
MR     .....                    (no ring)
                                (no ring)

@: very slightly contaminated, invisible, not resistant to hostile enchantments,
very unstealthy
A: permanent stasis, dig shafts and tunnels, four strong arms, antennae 3
a: Dig, Shaft Self


You were on level 3 of the Dungeon.
You were hungry.

You visited 1 branch of the dungeon, and saw 3 of its levels.

You collected 133 gold pieces.

Inventory:

Hand weapons
 e - a +0,+0 dagger
 f - a +1,+1 mace (weapon)
Missiles
 o - 8 javelins (quivered)
Armour
 a - a +1 robe
 m - a +0 ring mail (worn)
Magical devices
 c - a wand of fireball (4)
Comestibles
 i - a bread ration
 k - a beef jerky
 p - a chunk of orc flesh
 q - 2 rotting chunks of orc flesh
Scrolls
 d - a scroll of enchant weapon II
 g - 4 scrolls of remove curse
 j - 2 scrolls of identify
Books
 b - a book of Air

   Spells                             Type                      Level
   *Shock                             Conjuration/Air              1
   *Swiftness                         Charms/Air                   2
   Repel Missiles                     Charms/Air                   2
   Flight                             Charms/Air                   3
   Static Discharge                   Conjuration/Air              3
   Lightning Bolt                     Conjuration/Air              5


   Skills:
 - Level 0.4 Fighting
 + Level 4.3 Maces & Flails
 - Level 1.7 Dodging
 - Level 2.4 Stealth
 - Level 2.1 Spellcasting
 - Level 0.8 Conjurations
 - Level 2.4 Air Magic


You had 5 spell levels left.
You knew the following spells:

 Your Spells              Type           Power        Failure   Level  Hunger
a - Shock                 Conj/Air       #...         17%         1    #......
b - Swiftness             Chrm/Air       #.......     30%         2    ###....


Dungeon Overview and Level Annotations

Branches:
Dungeon (3/15)

Altars:
Gozag


Innate Abilities, Weirdness & Mutations

Your are under a permanent stasis effect.
You can dig through walls and to a lower floor.
Your four strong arms can wield two-handed weapons with a shield.
You have a pair of large antennae on your head (SInv).


Message History

You fade into invisibility!
The giant frog hits you but does no damage.
The giant frog barely misses you.
You are very lightly contaminated with residual magic.
The giant frog hits you but does no damage.
The giant frog closely misses you.
You smell something rotten. (slot q)
You hit the giant frog.
The giant frog is severely wounded.
The giant frog barely misses you. The giant frog closely misses you.
You strike the helpless giant frog from behind!
You hit the giant frog.
The giant frog is severely wounded.
The giant frog hits you.
* * * LOW HITPOINT WARNING * * *
The giant frog barely misses you.
You closely miss the giant frog.
The giant frog is severely wounded.
The giant frog barely misses you. The giant frog hits you.
You die...

*,** #.#..##..# ****##.####.##..
*,,* #.#.###..# #.####.###. **,*
##........# #.##.....#. *,
*#....###.## #.##.....#.
#h##.#.#.###.# #.##.....#.
#.........##.# ####.##.......
####.#.#..##.### #......)....##
##.........F####.......#.#.#.
#........#.@............#.#.
#.###.#)#######..<....###.#. #.*
#.#)# #....(..# #.#. # * #.#.#
#.......# #... *,* #.#.#
#.......# #.#. *,* #.#.#
######.######... *****,*
#.#.#####..........##.#.
*,,,**,**#..............###.##...
*,*,,,,,,,.........###...##.####.


You could see a giant frog.

Vanquished Creatures
  5 adders (D:2)
  A worm (D:2)
  5 orcs (D:3)
  6 giant cockroaches
  6 goblins
  3 hobgoblins (D:1)
  4 jackals
  6 kobolds
  7 bats
  4 giant geckos
  5 giant newts
  8 rats
60 creatures vanquished.

Notes
Turn   | Place    | Note
--------------------------------------------------------------
     0 | D:1      | MDvedh, the Formicid Air Elementalist, began the quest for the Orb.
     0 | D:1      | Reached XP level 1. HP: 13/13 MP: 3/3
   145 | D:1      | Reached skill level 1 in Maces & Flails
   147 | D:1      | Reached XP level 2. HP: 18/20 MP: 0/5
   657 | D:1      | Learned a level 2 spell: Swiftness
   936 | D:1      | Reached XP level 3. HP: 25/25 MP: 5/7
  1722 | D:2      | Reached skill level 3 in Maces & Flails
  1904 | D:2      | Reached XP level 4. HP: 29/31 MP: 8/8
  2291 | D:2      | Found an opulent altar of Gozag.
  2850 | D:2      | Reached skill level 4 in Maces & Flails
  2850 | D:2      | Reached XP level 5. HP: 23/36 MP: 0/11
  3509 | D:3      | Slain by a giant frog

Action                   |  1- 3 |  4- 6 || total
-------------------------+-------+-------++-------
Melee: Mace              |    58 |    76 ||   134
       Dagger            |     3 |       ||     3
Throw: Javelin           |     2 |     1 ||     3
 Cast: Shock             |    34 |    50 ||    84
       Swiftness         |     1 |       ||     1
Evoke: Wand              |       |     1 ||     1
  Use: Scroll            |       |    10 ||    10
       Potion            |       |     4 ||     4
 Stab: Sleeping          |     3 |     2 ||     5
       Invisible         |       |     1 ||     1
